 Dungeon Crawl Stone Soup version 0.20.1-1-g8b1a95d (webtiles) character file.

45 OneorTwo the Digger (level 3, 0/19 HPs)
             Began as a Gargoyle Earth Elementalist on July 28, 2017.
             Slain by an adder (3 damage)
             ... on level 2 of the Dungeon.
             The game lasted 00:10:34 (1412 turns).

OneorTwo the Digger (Gargoyle Earth Elementalist)   Turns: 1412, Time: 00:10:35

Health: 0/19       AC:  6    Str: 11    XL:     3   Next: 64%
Magic:  3/7        EV: 12    Int: 16    God:
Gold:   71         SH:  0    Dex: 10    Spells: 4/8 levels left

rFire    . . .     SeeInvis .   m - +0 great mace
rCold    . . .     Gourm    .   (shield currently unavailable)
rNeg     + . .     Faith    .   c - +0 robe
rPois    ∞         Spirit   .   (no helmet)
rElec    +         Reflect  .   a - +0 cloak
rCorr    .         Harm     .   (no gloves)
MR       .....                  (no boots)
Stlth    ++........             (no amulet)
Regen    0.1/turn               (no ring)
MPRegen  0.1/turn               (no ring)

@: no status effects
A: negative energy resistance 1, electricity resistance, unbreathing,
petrification resistance, rot immunity, AC +3
a: no special abilities


You were on level 2 of the Dungeon.
You were hungry.

You visited 1 branch of the dungeon, and saw 2 of its levels.

You collected 71 gold pieces.

Inventory:

Hand Weapons
 m - a +0 great mace (weapon)
Missiles
 b - 13 stones (quivered)
Armour
 a - a +0 cloak (worn)
 c - a +0 robe (worn)
Scrolls
 j - a scroll of teleportation {unknown}
Potions
 k - a potion of lignification {unknown}
 l - a potion of curing {unknown}
Books
 e - a book of Geomancy

   Spells                             Type                      Level
   a - Sandblast                      Earth                        1
   b - Passwall                       Transmutation/Earth          2
   c - Stone Arrow                    Conjuration/Earth            3
   d - Petrify                        Transmutation/Earth          4
   e - Lee's Rapid Deconstruction     Earth                        5
Comestibles
 d - 2 bread rations


   Skills:
 - Level 1.5 Dodging
 - Level 2.1 Stealth
 + Level 3.0 Spellcasting
 + Level 0.2 Conjurations
   Level 0.7 Transmutations
 + Level 4.4 Earth Magic


You had 4 spell levels left.
You knew the following spells:

 Your Spells              Type           Power        Failure   Level  Hunger
a - Sandblast             Erth           ###...       3%          1    #......
b - Stone Arrow           Conj/Erth      #.....       22%         3    ###....


Dungeon Overview and Level Annotations

Branches:
Dungeon (2/15)

Altars:


Innate Abilities, Weirdness & Mutations

You are resistant to torment.
Your stone body is resilient. (AC +3)
You are immune to poison.
You resist negative energy. (rN+)
You are resistant to electric shocks. (rElec)
You can survive without breathing.
You are immune to petrification.
You are immune to rotting.


Message History

The adder misses you. The adder barely misses you.
You miss the adder.
The adder is severely wounded.
The adder bites you.
* * * LOW HITPOINT WARNING * * *
The adder completely misses you. The adder closely misses you.
You closely miss the adder.
The adder is severely wounded.
The adder bites you but does no damage. The adder closely misses you.
You closely miss the adder.
The adder is severely wounded.
The adder closely misses you. x2
Your magical contamination has completely faded away.
You miss the adder.
The adder is severely wounded.
The adder closely misses you. The adder bites you but does no damage.
You miss the adder.
The adder is severely wounded.
The adder bites you.
You die...

########
#..†...
#.....#
#.....# #
#...).#.#.#
#...<.....#
#.##@##.#.#
#S.......
....####?
##.#.#
#.#.# ..#.#
### . #


You could see an adder.

Vanquished Creatures
  2 oozes (D:1)
  A worm (D:1)
  2 dart slugs (D:1)
  2 leopard geckos (D:1)
  2 giant cockroaches (D:1)
  3 goblins (D:1)
  4 hobgoblins
  3 jackals (D:1)
  A kobold (D:1)
  2 bats
  2 frilled lizards (D:1)
  3 rats (D:1)
27 creatures vanquished.

Notes
Turn   | Place    | Note
-------+----------+-------------------------------------------
     0 | D:1      | OneorTwo the Gargoyle Earth Elementalist began the quest for the Orb.
     0 | D:1      | Reached XP level 1. HP: 10/10 MP: 3/3
   468 | D:1      | Reached XP level 2. HP: 15/15 MP: 3/5
   621 | D:1      | Reached skill level 4 in Earth Magic
   856 | D:1      | Reached XP level 3. HP: 18/19 MP: 1/6
   935 | D:1      | Learned a level 3 spell: Stone Arrow
  1412 | D:2      | Slain by an adder

Skill      XL: |  1  2  3 |
---------------+----------+-----
Earth Magic    | 4 |  4.4
Spellcasting   | 3 |  3.0
Dodging        | |  1.5
Stealth        | |  2.1
Conjurations   | |  0.2
Transmutations | |  0.7

Action                   || total
-------------------------++-------
Melee: Unarmed           ||    13
       Mace              ||    12
       Great mace        ||    17
 Cast: Sandblast         ||    32
       Stone Arrow       ||     8
  Eat: Chunk             ||     2
Armor: Robe              ||    13
       Leather armour    ||     4
Dodge: Dodged            ||    52
